 Dungeon Crawl Stone Soup version 0.30.0-10-gfe55d96785 (webtiles) character file.

Game seed: 16256686752234495941

679 GigaChad the Chopper (level 7, -2/55 HPs)
             Began as a Formicid Fighter on May 16, 2023.
             Slain by Menkaure (16 damage)
             ... on level 4 of the Dungeon.
             The game lasted 00:05:07 (3296 turns).

GigaChad the Chopper (Formicid Fighter)             Turns: 3296, Time: 00:05:08

Health: -2/55      AC: 14    Str: 25    XL:     7   Next: 92%
Magic:  7/7        EV:  6    Int:  8    God:
Gold:   217        SH:  5    Dex: 13    Spells: 6/6 levels left

rFire   . . .        a - +1 war axe
rCold   . . .        c - +0 buckler
rNeg    . . .        l - +0 plate armour
rPois   .            (helmet unavailable)
rElec   +            (no cloak)
rCorr   .            (no gloves)
SInv    +            n - +1 pair of boots of the Dragonfruit {Contam rElec Regen+ Str+3}
Will    .....        (no amulet) Stlth
                     (no ring)
HPRegen 1.09/turn    (no ring)
MPRegen 0.10/turn

%: no passive effects
@: studying Evocations
A: permanent stasis, dig shafts and tunnels, antennae 3, four strong arms
a: Dig, Shaft Self


You were on level 4 of the Dungeon.
You visited 1 branch of the dungeon, and saw 4 of its levels.
You also visited: Sewer.

You collected 217 gold pieces.

Inventory:

Hand Weapons
 a - a +1 war axe (weapon)
Armour
 b - a +0 scale mail
 c - a +0 buckler (worn)
 l - a +0 plate armour (worn)
 n - the +1 pair of boots of the Dragonfruit (worn) {Contam rElec Regen+ Str+3}
   (You found it on level 3 of the Dungeon)

   Str:       It affects your strength (+3).
   rElec:     It insulates you from electricity.
   Contam:    It causes magical contamination when unequipped.
   Regen:     It increases your rate of health regeneration.
Wands
 m - a wand of iceblast (8)
Scrolls
 i - a scroll of noise
 o - 3 scrolls of identify
 s - a scroll of enchant armour {unknown}
Potions
 d - a potion of might
 e - 3 potions of haste {unknown}
 f - a potion of berserk rage
 g - 3 potions of mutation
 h - a potion of heal wounds {unknown}
 j - a potion of brilliance
 k - 3 potions of curing
 p - 2 potions of magic {unknown}
 q - a potion of lignification {unknown}
 r - a potion of attraction {unknown}


   Skills:
 * Level 4.7 Fighting
 * Level 6.1 Axes
 * Level 5.0 Armour
 * Level 5.3 Shields
 * Level 0.4 Evocations


You had 6 spell levels left.
You didn't know any spells.
Your spell library was empty.

Dungeon Overview and Level Annotations

Branches:
Dungeon (4/15)              Sewer (visited)
 Temple: D:4-7

Altars:
Cheibriados

Annotations:
D:3 2 transporters, apoch's ghost, amateur MiFi
D:4 Menkaure


Innate Abilities, Weirdness & Mutations

You cannot be hasted, slowed, berserked, paralysed or teleported.
You can dig through walls and to a lower floor.
You have a pair of large antennae on your head. (SInv)
Your four strong arms can wield two-handed weapons with a shield.


Message History

You block the goblin's attack.
You closely miss the goblin. You block the goblin's attack.
You slice the goblin!!
You kill the goblin!
Menkaure calls on the powers of darkness!
Your body is wracked with pain!
You block Menkaure's attack.
You see here a +0 club.
Unknown command.
You completely miss Menkaure. Menkaure hits you.
Unknown command.
Unknown command.
You hit Menkaure but do no damage.
Menkaure casts a spell.
Menkaure seems to speed up.
You barely miss Menkaure.
Menkaure points at you and mumbles some strange words.
You struggle to resist.
Menkaure closely misses you.
You slash Menkaure!
Menkaure is severely damaged.
You block Menkaure's attack.
You completely miss Menkaure.
Menkaure is severely damaged.
You block Menkaure's attack. Menkaure hits you.
You hit Menkaure.
Menkaure is almost destroyed.
Menkaure calls on the powers of darkness!
Your body is wracked with pain!
* * * LOW HITPOINT WARNING * * *
You are too injured to fight recklessly!
You are too injured to fight recklessly!
Menkaure hits you but does no damage.
You barely miss Menkaure.
Menkaure is almost destroyed.
Menkaure gestures at you while chanting.
Pain shoots through your body!
* * * LOW HITPOINT WARNING * * *
Menkaure wails, "Why can't you leave me to my rest?"
Menkaure hits you!
You die...

#............
#.#####......
.... #....... ###
.... #.......
..#..... #.......
###.#... #....#.#
#....> #..###.#
##.#M# #..###.#
#..)@# #......#
#..### ##.#####
#..####$##### #.#
#.......#...###.#
#.#######.......#
#.# ###...#####
#.#####....##
#.......####
#########


You could see Menkaure (fast).

Vanquished Creatures
  4 kobold brigands (Sewer)
  2 scorpions (D:4)
  A wight (D:4)
  An orc priest (D:3)
  5 adders
  3 river rats
  6 worms
  5 dart slugs
  3 orcs (D:3)
  11 endoplasms
  4 giant cockroaches
  9 goblins
  6 hobgoblins
  11 kobolds
  7 quokkas
  8 ball pythons
  8 bats
  6 frilled lizards
  8 rats
108 creatures vanquished.

Notes
Turn   | Place    | Note
-------+----------+-------------------------------------------
     0 | D:1      | GigaChad the Formicid Fighter began the quest for the Orb.
     0 | D:1      | Reached XP level 1. HP: 18/18 MP: 1/1
    77 | D:1      | Reached XP level 2. HP: 22/23 MP: 2/2
   625 | D:1      | Reached XP level 3. HP: 30/30 MP: 3/3
  1533 | D:3      | Noticed a scorpion
  1534 | D:3      | Noticed apoch's ghost (amateur MiFi)
  1535 | D:3      | Found a transporter.
  1540 | D:3      | Found a transporter.
  1563 | D:3      | Reached XP level 4. HP: 37/37 MP: 4/4
  1583 | D:3      | Reached skill level 3 in Axes
  1636 | D:3      | Identified the +1 pair of boots of the Dragonfruit {Contam
                  | rElec Regen+ Str+3}
  1845 | D:3      | Reached XP level 5. HP: 36/42 MP: 5/5
  1876 | D:3      | Found a glowing drain.
  1891 | Sewer    | Entered a sewer
  1912 | Sewer    | Noticed a kobold brigand
  1933 | Sewer    | Killed a kobold brigand
  1934 | Sewer    | Reached skill level 4 in Axes
  1934 | Sewer    | Reached XP level 6. HP: 48/48 MP: 6/6
  2138 | Sewer    | Reached skill level 5 in Axes
  2162 | Sewer    | Reached skill level 5 in Shields
  2243 | Sewer    | Reached XP level 7. HP: 55/55 MP: 7/7
  2756 | D:3      | Found a snail-covered altar of Cheibriados.
  3096 | D:4      | Reached skill level 6 in Axes
  3096 | D:4      | Reached skill level 5 in Armour
  3185 | D:4      | Identified the +12 hand axe of the Wonders {chaos, Fly
                  | Will+ Stlth+}
  3284 | D:4      | Noticed Menkaure
  3296 | D:4      | Slain by Menkaure

Illustrated notes

Levels and vault maps discovered:
D:1:      enne_arrival_octagon_isle, layout_basic
D:2:      layout_loops_ring
D:3:      minmay_spotlight, layout_loops_ring, kennysheep_slug_shrine,
          gammafunk_ghost_arena, gup_sewer_entry_bubbles, kennysheep_nondescript
D:4:      layout_loops_cross, minmay_manual_mail, uniq_menkaure

Skill      XL: |  1  2  3  4  5  6  7 |
---------------+----------------------+-----
Axes           | 3 4 5 6 |  6.1
Fighting       | 4 |  4.7
Armour         | 4 5 |  5.0
Shields        | 5 |  5.3
Evocations     | |  0.4

Action                     |  1- 3 |  4- 6 |  7- 9 || total
---------------------------+-------+-------+-------++-------
  Melee: War axe           |    91 |   122 |   125 ||   338
Ability: Dig               |       |       |     1 ||     1
    Use: Scroll            |     7 |       |     2 ||     9
 Armour: Scale mail        |    25 |       |       ||    25
         Plate armour      |    22 |    58 |    49 ||   129
  Dodge: Dodged            |    37 |    32 |    37 ||   106
  Block: Buckler           |    20 |    35 |    24 ||    79
